 Dungeon Crawl Stone Soup version 0.28.0-53-g5a82cb258f (webtiles) character file.

Game seed: 7466330059067151393

21676 nickcage the Severer (level 12, -1/100 HPs)
             Began as a Minotaur Gladiator on May 25, 2022.
             Was a Priest of Qazlal.
             Killed from afar by a frost giant (27 damage)
             ... with a bolt of cold
             ... in an ice cave.
             The game lasted 00:27:16 (11650 turns).

nickcage the Severer (Minotaur Gladiator)          Turns: 11650, Time: 00:27:16

Health: -1/100     AC: 27    Str: 26    XL:     12   Next: 56%
Magic:  11/11      EV:  9    Int:  5    God:    Qazlal [***...]
Gold:   1528       SH:  4    Dex: 12    Spells: 11/11 levels left

rFire   + . .      SeeInvis .   j - +9 battleaxe "Gicked" {drain, rF+}
rCold   . . .      Faith    .   (shield currently unavailable)
rNeg    . . .      Spirit   .   g - +0 plate armour
rPois   .          Reflect  .   c - +1 hat
rElec   +          Harm     .   P - +2 cloak
rCorr   .          Rampage  .   y - +0 pair of gloves "Zeyrifet" {rElec}
Will    .....                   D - +0 pair of boots
Stlth   ..........              (no amulet)
HPRegen 0.26/turn               G - ring "Deisk" {Wiz Str+2}
MPRegen 0.12/turn               m - +4 ring of protection

@: studying Invocations
A: horns 2, retaliatory headbutt
a: Renounce Religion, Upheaval, Elemental Force


You were in an ice cave.
You worshipped Qazlal.
Qazlal was most pleased with you.
You visited 2 branches of the dungeon, and saw 13 of its levels.
You also visited: Bailey and Ice Cave.

You collected 1675 gold pieces.
You spent 147 gold pieces at shops.

Inventory:

Hand Weapons
 j - the +9 battleaxe "Gicked" (weapon) {drain, rF+}
   (You acquired it on level 4 of the Dungeon)

   A truly terrible weapon, it drains the life of any living foe it strikes.
   rF:        It protects you from fire.
 o - a +5 vorpal dire flail
 z - a +1 war axe of freezing
Missiles
 d - 4 throwing nets
 n - 31 boomerangs (quivered)
Armour
 c - a +1 hat (worn)
 g - a +0 plate armour (worn)
 y - the +0 pair of gloves "Zeyrifet" (worn) {rElec}
   (You acquired it on level 6 of the Dungeon)

   rElec:     It insulates you from electricity.
 D - a +0 pair of boots (worn)
 J - a +0 buckler
 P - a +2 cloak (worn)
Jewellery
 m - a +4 ring of protection (right hand)
 r - a +6 ring of intelligence
 v - the amulet "Zoerenid" {RegenMP *Slow +Blink Dex+7}
   (You took it off an orc wizard on level 4 of the Dungeon)

   [amulet of magic regeneration]

   It increases your rate of magic regeneration.
   Dex:       It affects your dexterity (+7).
   +Blink:    It lets you blink.
   *Slow:     It may slow you when you take damage.
 G - the ring "Deisk" (left hand) {Wiz Str+2}
   (You acquired it on level 6 of the Dungeon)

   [ring of wizardry]

   It improves your spell success rate.
   Str:       It affects your strength (+2).
 I - an amulet of magic regeneration
Wands
 A - a wand of digging (6)
 E - a wand of flame (15)
 K - a wand of mindburst (2)
 O - a wand of iceblast (4)
Scrolls
 p - 2 scrolls of fog
 H - a scroll of brand weapon
 L - 3 scrolls of teleportation {unknown}
 M - 3 scrolls of enchant armour
Potions
 a - a potion of experience {unknown}
 b - a potion of invisibility {unknown}
 e - 5 potions of mutation
 f - 3 potions of heal wounds
 h - 2 potions of berserk rage
 i - 3 potions of attraction
 k - a potion of might {unknown}
 q - 3 potions of haste
 t - 2 potions of cancellation {unknown}
 u - 6 potions of flight
 w - 4 potions of curing {unknown}
 B - 4 potions of degeneration {unknown}
 F - 2 potions of resistance {unknown}


   Skills:
 - Level 7.0 Fighting
 + Level 20.2 Axes
 - Level 2.0 Throwing
 + Level 12.9 Armour
 - Level 3.2 Dodging


You had 11 spell levels left.
You didn't know any spells.
Your spell library contained the following spells:

 Spells                   Type           Power      Damage    Failure   Level
 Foxfire                  Conj/Fire      0%         2x1d4     82%         1
 Magic Dart               Conj           0%         1d3       82%         1
 Searing Ray              Conj           0%         2d4       91%         2
 Conjure Flame            Conj/Fire      0%         6-21      99%         3
 Inner Flame              Hex/Fire       0%         N/A       99%         3
 Cause Fear               Hex            0%         N/A       100%        4
 Flame Wave               Conj/Fire      0%         2d4       100%        4
 Fulminant Prism          Conj/Hex       0%         3d6       100%        4
 Iskenderun's Mystic Bla  Conj/Tloc      0%         2d3       100%        4
 Lee's Rapid Deconstruct  Erth           0%         3d5*      100%        5
 Discord                  Hex            0%         N/A       100%        8


Dungeon Overview and Level Annotations

Branches:
Dungeon (12/15)            Temple (1/1) D:6            Lair (0/6) D:11
    Orc (0/2) D:11         Bailey (visited)           IceCv (1/1)

Altars:
Ashenzari
Cheibriados
Dithmenos
Elyvilon
Fedhas
Kikubaaqudgha
Makhleb
Nemelex Xobeh
Okawaru
Qazlal
Ru
Sif Muna
Uskayaw
Vehumet
Wu Jian
Xom
Yredelemnul
Zin
The Shining One
Beogh

Shops:
D:3 (=(   D:5 ([([*(   D:8 :

Annotations:
D:3 2 transporters, Danswan24's ghost, amateur HOFi
D:9 2 transporters


Innate Abilities, Weirdness & Mutations

You have a pair of horns on your head.
You reflexively headbutt those who attack you in melee.


Message History

No target in view!
Things that are here:
a wolf corpse; a death yak corpse You hear a howl!
You hear a bellow! x2
You hear an angry hiss.
You hear a shout!
You hear an angry hiss.
You hear a howl!
You hear a bellow!
A frost giant comes into view.
It is wielding a +1 battleaxe of freezing.
You hear an angry hiss.
The frost giant casts a spell at you. The bolt of cold misses you.
The frost giant points at you and mumbles some strange words.
The bolt of cold hits you!!
A yak comes into view.
A rime drake and a wolf come into view.
The rime drake hisses angrily.
The wolf howls!
The frost giant hits you with a +1 battleaxe of freezing!
The frost giant freezes you.
The rime drake moves out of view.
A death yak comes into view.
You slice the frost giant!! You drain the frost giant.
The frost giant is heavily wounded.
The frost giant gestures at you while chanting.
The bolt of cold hits you!!
You are too injured to fight recklessly!
You feel much better.
The frost giant points at you and mumbles some strange words.
The bolt of cold hits you!!
* * * LOW HITPOINT WARNING * * *
The yak gores you but does no damage.
A rime drake comes into view.
You hear an angry hiss.
The frost giant points at you and mumbles some strange words.
The bolt of cold misses you. The frost giant casts a spell at you.
The bolt of cold misses you.
The frost giant points at you and mumbles some strange words.
The bolt of cold misses you.
The frost giant gestures at you while chanting.
The bolt of cold hits you!!
You die...

......##
#.##
.....##
#..##
#...##
##..#
##..#
#..#
#.##
#..# ###
##.# #
#..# #
#..# #
##@## #
#..#
##..#
#.ยง##
#..#
#C##
#h.##
##.C#
#Yk#


You could see a frost giant (drained) and a wolf.

Vanquished Creatures
  Gastronok (D:12)
  A hydra (D:11)
  Erolcha (D:9)
  A two-headed ogre (D:11)
  Erica (D:8)
  8 death yaks (IceCv)
  An orc knight (Bailey)
  Pikel (D:5)
  A cyclops (D:12)
  An ice statue (IceCv)
  Maggie (D:8)
  2 rime drakes (IceCv)
  2 kobold demonologists (D:11)
  3 trolls
  4 polar bears (IceCv)
  3 hornets
  Grinder (D:4)
  A shadow (D:10)
  Eustachio (D:5)
  15 yaks
  2 steam dragons
  4 water moccasins
  7 orc warriors
  A black bear (D:2)
  3 ogres
  2 phantoms (D:6)
  8 wolves (IceCv)
  The ghost of JuniperTheExplorer the Digger, an amateur GnEE (D:5)
  3 centaurs
  A lemure (D:5)
  3 kobold brigands
  2 scorpions
  3 gnoll sergeants
  A wyvern zombie (D:8)
  7 killer bees
  11 wights
  The ghost of pkoi the Conjurer, a weakling DgWz (D:4)
  A howler monkey (D:11)
  7 centaur zombies
  8 hounds
  A bullfrog skeleton (D:5)
  A bullfrog zombie (D:5)
  6 orc priests
  2 iguanas
  Ijyb (D:4)
  5 orc wizards
  2 killer bee zombies
  A hound skeleton (D:5)
  16 gnolls
  2 howler monkey zombies (D:9)
  5 adders
  A white imp (D:6)
  3 ufetubi
  An adder skeleton (D:5)
  A worm (D:5)
  5 dart slugs
  40 orcs
  8 bats
  4 endoplasms
  3 giant cockroaches
  5 goblins
  6 hobgoblins
  25 kobolds
  3 quokkas
  3 ball pythons
  2 frilled lizards (D:1)
  A quokka skeleton (D:4)
  4 rats
283 creatures vanquished.

Vanquished Creatures (others)
  A fungus (D:3)
1 creature vanquished.

Grand Total: 284 creatures vanquished

Notes
Turn   | Place    | Note
-------+----------+-------------------------------------------
     0 | D:1      | nickcage the Minotaur Gladiator began the quest for the
                  | Orb.
     0 | D:1      | Reached XP level 1. HP: 18/18 MP: 0/0
    84 | D:1      | Reached skill level 4 in Axes
   191 | D:1      | Reached XP level 2. HP: 17/25 MP: 1/1
   755 | D:1      | Reached skill level 5 in Axes
   789 | D:1      | Reached XP level 3. HP: 27/30 MP: 2/2
  1172 | D:2      | Noticed a black bear
  1182 | D:2      | Killed a black bear
  1183 | D:2      | Reached skill level 6 in Axes
  1183 | D:2      | Reached XP level 4. HP: 10/37 MP: 3/3
  1409 | D:2      | Found a faded altar of an unknown god.
  2164 | D:3      | Found Buodgh's Weapon Emporium.
  2224 | D:3      | Reached XP level 5. HP: 42/42 MP: 4/4
  2523 | D:3      | Found Fyiz's Jewellery Boutique.
  2602 | D:3      | Found Curuskun's Antique Weapon Emporium.
  2665 | D:3      | Found a transporter.
  2666 | D:3      | Found a transporter.
  2666 | D:3      | Noticed Danswan24's ghost (amateur HOFi)
  2671 | D:3      | Identified the +4 great mace "Xufobri" {vorpal, Fly Str+4
                  | Int-4 Dex-5}
  2671 | D:3      | Noticed an ogre
  2682 | D:3      | Noticed an ogre
  2857 | D:4      | Noticed Grinder
  2949 | D:4      | Reached skill level 7 in Axes
  2952 | D:4      | Reached XP level 6. HP: 32/50 MP: 5/5
  3335 | D:4      | Killed Grinder
  3335 | D:4      | Identified the amulet "Zoerenid" {RegenMP *Slow +Blink
                  | Dex+7}
  3336 | D:4      | Reached skill level 8 in Axes
  3336 | D:4      | Reached XP level 7. HP: 48/56 MP: 6/6
  3404 | D:4      | Identified the +5 dagger of Skirmishing {vamp, Int+4}
  3442 | D:4      | Noticed Ijyb
  3453 | D:4      | Killed Ijyb
  3662 | D:4      | Identified a scroll of acquirement
  3662 | D:4      | Acquired the +9 battleaxe "Gicked" {drain, rF+}
  4003 | D:4      | Found a runed translucent gate.
  4004 | D:4      | Found a runed translucent gate.
  4005 | D:4      | Found a runed translucent gate.
  4010 | D:4      | Noticed pkoi's ghost (weakling DgWz)
  4021 | D:4      | Reached skill level 5 in Armour
  4021 | D:4      | Killed pkoi's ghost
  4024 | D:4      | Reached skill level 9 in Axes
  4093 | D:5      | Entered Level 5 of the Dungeon
  4120 | D:5      | Noticed Eustachio
  4131 | D:5      | Found a broken altar of Ashenzari.
  4137 | D:5      | Killed Eustachio
  4275 | D:5      | Found a burning altar of Makhleb.
  4288 | D:5      | Found Inehuwoi's General Store.
  4310 | D:5      | Found Kuhyik's Weapon Boutique.
  4429 | D:5      | Reached XP level 8. HP: 66/66 MP: 7/7
  4448 | D:5      | Found Fuaffiy's Antique Weapon Shoppe.
  4457 | D:5      | Bought a glowing dire flail for 147 gold pieces
  4475 | D:5      | Reached skill level 10 in Axes
  4579 | D:5      | Found a runed translucent gate.
  4581 | D:5      | Found a runed translucent gate.
  4582 | D:5      | Found a runed translucent gate.
  4584 | D:5      | Noticed JuniperTheExplorer's ghost (amateur GnEE)
  4699 | D:5      | Found Nusugekk's Armour Shoppe.
  4727 | D:5      | Found Kyuhi's Antique Armour Shop.
  4784 | D:5      | Noticed Pikel
  4793 | D:5      | Killed Pikel
  4794 | D:5      | Reached skill level 11 in Axes
  4886 | D:5      | Found Duam Qeo's Firing Range.
  5005 | D:5      | Reached skill level 5 in Fighting
  5012 | D:5      | Killed JuniperTheExplorer's ghost
  5291 | D:6      | Reached XP level 9. HP: 73/74 MP: 8/8
  5298 | D:6      | Reached skill level 12 in Axes
  5722 | D:6      | Found a staircase to the Ecumenical Temple.
  5783 | Temple   | Entered the Ecumenical Temple
  5878 | Temple   | Became a worshipper of Qazlal Stormbringer
  5954 | D:6      | Found a shadowy altar of Dithmenos.
  6150 | D:6      | Acquired the ring "Deisk" {Wiz Str+2}
  6155 | D:6      | Acquired the +0 pair of gloves "Zeyrifet" {rElec}
  6187 | D:7      | Reached skill level 13 in Axes
  6936 | D:8      | Found Elorab's Book Shop.
  7182 | D:8      | Noticed Maggie
  7187 | D:8      | Killed Maggie
  7188 | D:8      | Reached skill level 14 in Axes
  7188 | D:8      | Reached XP level 10. HP: 86/86 MP: 9/9
  7193 | D:8      | Found a glowing golden altar of the Shining One.
  7237 | D:8      | Noticed Erica
  7241 | D:8      | Killed Erica
  7483 | D:9      | Found a flagged portal.
  7514 | D:9      | Reached * piety under Qazlal
  7529 | Bailey   | Entered a bailey
  7625 | Bailey   | Noticed an orc knight
  7642 | Bailey   | Killed an orc knight
  7643 | Bailey   | Reached skill level 15 in Axes
  8153 | D:9      | Noticed Erolcha
  8157 | D:9      | Found a transporter.
  8162 | D:9      | Killed Erolcha
  8256 | D:9      | Reached skill level 16 in Axes
  8291 | D:9      | Found a basalt altar of Yredelemnul.
  8293 | D:9      | Noticed a flayed ghost
  8296 | D:9      | Found an ancient bone altar of Kikubaaqudgha.
  8298 | D:9      | Noticed a death knight
  8313 | D:9      | Found a transporter.
  8364 | D:9      | Reached ** piety under Qazlal
  8672 | D:9      | Reached XP level 11. HP: 75/92 MP: 10/10
  8675 | D:9      | Reached skill level 10 in Armour
  9045 | D:10     | Entered Level 10 of the Dungeon
  9404 | D:10     | Reached skill level 17 in Axes
  9908 | D:11     | Noticed a seven-headed hydra
  9917 | D:11     | Killed a seven-headed hydra
 10076 | D:11     | Reached *** piety under Qazlal
 10240 | D:11     | Found a staircase to the Orcish Mines.
 10245 | D:11     | Found a blossoming altar of Fedhas.
 10260 | D:11     | Noticed a two-headed ogre
 10269 | D:11     | Killed a two-headed ogre
 10720 | D:11     | Reached skill level 18 in Axes
 10759 | D:11     | Found a staircase to the Lair.
 10962 | D:12     | Noticed Gastronok
 10963 | D:12     | Found a frozen archway.
 10972 | D:12     | Killed Gastronok
 10983 | IceCv    | Entered an ice cave
 11081 | IceCv    | Noticed a death yak
 11081 | IceCv    | Noticed a death yak
 11087 | IceCv    | Killed a death yak
 11088 | IceCv    | Reached XP level 12. HP: 91/100 MP: 11/11
 11089 | IceCv    | Killed a death yak
 11090 | IceCv    | Reached skill level 19 in Axes
 11186 | IceCv    | Noticed a death yak
 11189 | IceCv    | Noticed a death yak
 11195 | IceCv    | Killed a death yak
 11201 | IceCv    | Killed a death yak
 11436 | IceCv    | Noticed a death yak
 11441 | IceCv    | Killed a death yak
 11446 | IceCv    | Noticed a death yak
 11448 | IceCv    | Noticed a death yak
 11449 | IceCv    | Noticed a death yak
 11453 | IceCv    | Killed a death yak
 11461 | IceCv    | Killed a death yak
 11464 | IceCv    | Killed a death yak
 11465 | IceCv    | Reached skill level 20 in Axes
 11634 | IceCv    | Noticed a frost giant
 11637 | IceCv    | Noticed a death yak
 11650 | IceCv    | Killed from afar by a frost giant

Illustrated notes

Levels and vault maps discovered:
D:1:      amcnicky_arrival_underground_garden, layout_loops_corners
D:2:      layout_rooms, hellmonk_ecumenical_altar_inner_sanctum,
          minmay_tromino_i2
D:3:      layout_basic, serial_shops, shop_fountains, nicolae_lakefront_shop,
          nicolae_shop_statue_plus, gammafunk_ghost_smash,
          uniq_crazy_yiuf_cottage
D:4:      layout_basic, biasface_ghost_orc_armoury, uniq_ijyb, uniq_grinder
D:5:      layout_loops_cross, mainiacjoe_overflow_divided_tiny,
          gammafunk_ghost_split, serial_shops, nicolae_take_the_stairs, shop,
          nicolae_shop_bloodbath_and_beyond, nicolae_shop_overgrown_old_shop,
          kennysheep_little_box, nicolae_shop_firing_range, uniq_eustachio,
          uniq_pikel
D:6:      layout_rooms, grunt_dithmenos_smoke_and_mirrors,
          minmay_temple_entry_statues_pillars, minmay_manual_monstrance
D:7:      layout_rooms
D:8:      layout_loops_ring, kennysheep_mini, serial_shops, shop_fountains,
          uniq_maggie, uniq_erica
D:9:      layout_rooms, gammafunk_temple_of_torment, enter_bailey_2,
          uniq_erolcha
D:10:     layout_stronghold
D:11:     layout_rooms, lair_entry_dummy, orc_0_dummy, fedhas_altar_1
D:12:     layout_rooms, portal_ice_cave_entry_pillars_1, grunt_livestock,
          uniq_gastronok, uniq_nessos
Temple:   nicolae_temple_elliptical
IceCv:    ice_cave_small_giant

Skill      XL: |  1  2  3  4  5  6  7  8  9 10 11 12 |
---------------+-------------------------------------+-----
Axes           | 4 5 6 7 8 9 11 14 16 18 20 | 20.2
Armour         | 2 3 4 5 6 7 9 12 | 12.9
Fighting       | 3 5 7 |  7.0
Throwing       | |  2.0
Dodging        | |  3.2

Action                   |  1- 3 |  4- 6 |  7- 9 | 10-12 || total
-------------------------+-------+-------+-------+-------++-------
Melee: War axe           |    53 |    89 |    16 |       ||   158
       Headbutt          |     6 |    11 |    32 |    49 ||    98
       Punch             |     1 |     1 |       |       ||     2
       Battleaxe         |       |       |   156 |   295 ||   451
       Dagger            |       |       |    25 |       ||    25
       Dire flail        |       |       |       |     5 ||     5
Throw: Boomerang         |       |       |    10 |    22 ||    32
  Use: Scroll            |     1 |       |    14 |     7 ||    22
       Potion            |       |       |       |     2 ||     2
Armor: Leather armour    |    14 |       |       |       ||    14
       Plate armour      |    39 |    84 |   162 |   176 ||   461
Dodge: Dodged            |    22 |    26 |    75 |   119 ||   242
Block: Other             |       |       |       |    35 ||    35
